 Dungeon Crawl Stone Soup version 0.18-a0-23-g19353e1 (webtiles) character file.

35 Raultor the Grave Robber (level 3, -2/24 HPs)
             Began as a Vampire Necromancer on Nov 2, 2015.
             Slain by a gnoll
             ... wielding a +0 halberd
              (9 damage)
             ... on level 2 of the Dungeon.
             The game lasted 00:06:19 (1103 turns).

Raultor the Grave Robber (Vampire Necromancer)      Turns: 1103, Time: 00:06:20

Health: -2/24      AC:  2    Str:  7    XL:     3   Next: 17%
Magic:  6/6        EV:  8    Int: 18    God:
Gold:   87         SH:  0    Dex: 14    Spells: 2 memorised, 4 levels left

rFire  . . .     SeeInvis +     i - +0 dagger (venom)
rCold  . . .     Clarity  .     a - +0 robe
rNeg   . . .     SustAt   .     (no shield)
rPois  .         Gourm    .     (no helmet)
rElec  .         Spirit   .     (no cloak)
rCorr  .         Warding  .     (no gloves)
rMut   .         Stasis   .     (no boots)
MR     .....                    (no amulet)
Stlth  +++.......               (no ring)
                                (no ring)

@: regenerating quickly, not resistant to hostile enchantments, fairly stealthy
A: fangs 3, see invisible, unbreathing
a: no special abilities


You were on level 2 of the Dungeon.
You were very full.

You visited 1 branch of the dungeon, and saw 2 of its levels.

You collected 87 gold pieces.

Inventory:

Hand Weapons
 g - a +0 club
 h - a +0 short sword
 i - a +0 dagger of venom (weapon)
Missiles
 f - 4 curare-tipped needles
Armour
 a - a +0 robe (worn)
Scrolls
 e - 3 scrolls of identify {unknown}
 j - a scroll of remove curse {unknown}
 l - a scroll of fog {unknown}
Potions
 c - 5 potions of blood
 d - 2 potions of might {unknown}
 k - a potion of curing
 m - a potion of heal wounds {unknown}
Books
 b - a book of Necromancy

   Spells                             Type                      Level
   a - Pain                           Necromancy                   1
   b - Animate Skeleton               Necromancy                   1
   c - Vampiric Draining              Necromancy                   3
   d - Regeneration                   Charms/Necromancy            3
   e - Animate Dead                   Necromancy                   4
   f - Control Undead                 Necromancy                   4


   Skills:
 + Level 2.5 Dodging
 - Level 3.3 Stealth
 + Level 2.3 Spellcasting
 * Level 5.0 Necromancy


You had 4 spell levels left.
You knew the following spells:

 Your Spells              Type           Power        Failure   Level  Hunger
a - Pain                  Necr           ###.         1%          1    #......
b - Animate Skeleton      Necr           N/A          1%          1    #......


Dungeon Overview and Level Annotations

Branches:
Dungeon (2/15)

Altars:


Innate Abilities, Weirdness & Mutations

Your natural rate of healing is unusually fast.
You have razor-sharp teeth.
You have supernaturally acute eyesight.
You can survive without breathing.


Message History

2 gnolls come into view.
There is a stone staircase leading up here.
Casting: Animate Skeleton
Confirm with . or Enter, or press ? or * to list all spells.
You can't see any susceptible monsters within range! (Use Z to cast anyway.)
The gnoll shouts!
A gnoll comes into view. It is wielding a halberd.
The gnoll shouts! x2
An adder comes into view.
There is a stone staircase leading up here.
The gnoll hits you from afar with a spear.
The gnoll closely misses you. The gnoll barely misses you.
There is a stone staircase leading up here.
The gnoll hits you with a halberd. The gnoll hits you with a halberd!
Ouch! That really hurt!
* * * LOW HITPOINT WARNING * * *
The gnoll misses you.
There is a stone staircase leading up, spattered with blood here.
The gnoll hits you with a halberd!
You die...

###### ##.....##
###.......#
####g@.......#
#..gg#.......#
.....S..........##
.......##########
...#### .. #


You could see 3 gnolls and an adder.

Vanquished Creatures
  An ooze (D:1)
  A giant gecko (D:1)
  2 bats (D:1)
  A giant cockroach (D:1)
  4 goblins (D:1)
  4 hobgoblins (D:1)
  3 jackals (D:1)
  2 ball pythons (D:1)
  A giant newt (D:1)
  8 kobolds (D:1)
27 creatures vanquished.

Notes
Turn   | Place    | Note
--------------------------------------------------------------
     0 | D:1      | Raultor the Vampire Necromancer began the quest for the Orb.
     0 | D:1      | Reached XP level 1. HP: 13/13 MP: 3/3
   373 | D:1      | Reached XP level 2. HP: 11/19 MP: 0/5
   649 | D:1      | Learned a level 1 spell: Animate Skeleton
   757 | D:1      | Reached XP level 3. HP: 24/24 MP: 6/6
   760 | D:1      | Reached skill level 5 in Necromancy
  1103 | D:2      | Slain by a gnoll

Vault maps used:
D:1:      dpeg_arrival_yet_another_circle, st_stairs_2
D:2:      overflow_temple_1_default, uniq_sigmund, uniq_jessica, uniq_robin,
          uniq_crazy_yiuf_cottage

Action                   || total
-------------------------++-------
Melee: Unarmed           ||     5
       Dagger            ||    44
       Short sword       ||    22
       Club              ||     2
 Cast: Pain              ||     8
       Animate Skeleton  ||     1
  Use: Potion            ||     1
 Stab: Sleeping          ||     4
  Eat: Corpse            ||    11
